 Dungeon Crawl Stone Soup version 0.31.0-11-ge490571c62 (webtiles) character file.

Game seed: 5477258350012469674

7161 Gadfly the Martial Artist (level 10, -3/77 HPs)
             Began as a Demonspawn Monk on Jan 28, 2024.
             Was an Initiate of Ru.
             Slain by a yak (4 damage)
             ... while petrified by a basilisk
             ... on level 9 of the Dungeon.
             The game lasted 00:18:51 (9014 turns).

Gadfly the Martial Artist (Demonspawn Monk)         Turns: 9014, Time: 00:18:52

Health: -3/77      AC:  7    Str: 15    XL:     10   Next: 86%
Magic:  9/9        EV:  2    Int: 11    God:    Ru [......]
Gold:   1156       SH:  0    Dex: 16    Spells: 9/9 levels left

rFire   . . .        b - +10 hand axe of the Orcish Mines {speed, *Noise rElec rN+++ Stlth+}
rCold   . . .        c - orb {light}
rNeg    + + +        h - +1 steam dragon scales
rPois   ∞            A - +1 hat
rElec   +            n - scarf {repulsion}
rCorr   .            (no gloves)
SInv    .            (no boots)
Will    .....        l - amulet of the acrobat
Stlth   +            (no ring)
HPRegen 0.32/turn    (no ring)
MPRegen 0.11/turn

%: repel missiles, acrobat
@: petrified, glowing
A: claws 2, hooves 1, horns 2, low MP 1, spiny 2
a: Renounce Religion


You were on level 9 of the Dungeon.
You worshipped Ru.
Ru was noncommittal.
You visited 2 branches of the dungeon, and saw 10 of its levels.
You also visited: Bailey.

You collected 1260 gold pieces.
You spent 104 gold pieces at shops.

Inventory:

Hand Weapons
 b - the +10 hand axe of the Orcish Mines (weapon) {speed, *Noise rElec rN+++ Stlth+}
   (You found it on level 5 of the Dungeon)

   rElec:     It insulates you from electricity.
   rN+++:     It renders you almost immune to negative energy.
   *Noise:    It may make a loud noise when swung.
   Stlth+:    It makes you more stealthy.
 p - a +2 dagger of venom
Armour
 c - an orb of light (worn)
 h - +1 steam dragon scales (worn)
 k - the +3 leather armour of Roixap {rF++ Will+ Int-2 Dex+3}
   (You found it on level 5 of the Dungeon)

   Int-2:     It affects your intelligence (-2).
   Dex+3:     It affects your dexterity (+3).
   rF++:      It greatly protects you from fire.
   Will+:     It increases your willpower.
 n - a scarf of repulsion (worn)
 A - a +1 hat (worn)
 B - a +2 robe of willpower
Jewellery
 l - an amulet of the acrobat (around neck)
Talismans
 a - a maw talisman
Wands
 o - a wand of mindburst (9) (quivered)
 q - a wand of charming (6)
 t - a wand of light (1)
Scrolls
 e - 2 scrolls of enchant weapon
 m - 2 scrolls of teleportation
 r - 7 scrolls of butterflies
 w - 2 scrolls of fear
 x - 3 scrolls of identify
 z - 2 scrolls of enchant armour
 C - a scroll of fog
Potions
 d - a potion of mutation
 f - a potion of enlightenment
 g - 3 potions of ambrosia
 i - 3 potions of curing
 j - a potion of attraction
 s - 2 potions of heal wounds
 u - a potion of haste
 v - a potion of lignification


   Skills:
 + Level 6.9 Fighting
 + Level 7.9 Dodging
 * Level 8.7 Unarmed Combat
 + Level 7.1 Evocations
 * Level 7.9 Shapeshifting


You had 9 spell levels left.
You didn't know any spells.
Your spell library contained the following spells:

 Spells                   Type           Power      Damage    Failure   Level
 Static Discharge         Conj/Air       0%         3-3/arc   47%         2
 Inner Flame              Hex/Fire       0%         N/A       71%         3
 Airstrike                Air            0%         2d(0-16)  98%         4
 Flame Wave               Conj/Fire      0%         2d4       98%         4
 Sticky Flame             Fire/Alch      0%         2d4       98%         4
 Summon Lightning Spire   Summ/Air       0%         N/A       98%         4


Dungeon Overview and Level Annotations

Branches:
Dungeon (9/15)             Temple (1/1) D:7            Lair (0/5) D:9
 Bailey (visited)
    Orc: D:9-12

Altars:
Ashenzari
Cheibriados
Dithmenos
Fedhas
Gozag
Hepliaklqana
Kikubaaqudgha
Makhleb
Nemelex Xobeh
Okawaru
Qazlal
Ru
Sif Muna
Trog
Uskayaw
Vehumet
Wu Jian
Xom
Yredelemnul

Shops:
D:7 (   D:8 ?

Annotations:
D:4 1 exclusion
D:6 2 transporters, hawla's ghost, novice FeSh


Innate Abilities, Weirdness & Mutations

You have very sharp fingernails.
You have large cloven feet.
You have a pair of horns on your head.
Your magical capacity is low. (-10% MP)
You are mostly covered in sharp spines.


Message History

The basilisk gazes at you. You resist with some effort.
The basilisk gazes at you.
You are slowing down.
You hit the basilisk.
You kick the basilisk, but do no damage.
The basilisk is lightly wounded.
You hit the wyvern. The wyvern barely misses you.
The wyvern is struck by your spines.
The wyvern bites you but does no damage.
The basilisk bites you!
Your limbs are stiffening.
You hit the wyvern. You kick the wyvern.
The wyvern is severely wounded.
You hit the basilisk. The wyvern bites you.
The yak snorts and paws the ground.
The wyvern bites you! The basilisk is struck by your spines.
The basilisk bites you.
You have turned to stone.
The wyvern bites you! The basilisk bites you! The wyvern bites you! x3
The wyvern is struck by your spines. The wyvern bites you.
The yak is struck by your spines. The yak gores you but does no damage.
The wyvern is struck by your spines. The wyvern bites you.
The wyvern bites you! The yak gores you. The wyvern bites you.
The yak is struck by your spines. The yak gores you but does no damage.
The wyvern bites you!
* * * LOW HITPOINT WARNING * * *
The wyvern bites you!
* * * LOW HITPOINT WARNING * * *
The yak is struck by your spines. The yak gores you!
* * * LOW HITPOINT WARNING * * *
The wyvern barely misses you. The yak gores you!
* * * LOW HITPOINT WARNING * * *
The wyvern is struck by your spines.
You kill the wyvern!
The yak is struck by your spines. The yak gores you!
* * * LOW HITPOINT WARNING * * *
The basilisk bites you.
* * * LOW HITPOINT WARNING * * *
The yak gores you!
You die...

# ########## ..
#.<......# ...
#........# ....##
#........#
......##@.##....###
.......#Yl#.......#
..h..l..Y.#...)...#
.>.k......#.......#
....P.....#.......#
.......#..#.......#
......#####.#######
....## #...# ....
#...#


You could see an elephant, a yak and a basilisk.

Vanquished Creatures
  An orc high priest (Bailey)
  The ghost of browni3141 the Chopper, a novice MiFi (D:4)
  A kobold demonologist (Bailey)
  Grinder (D:3)
  The ghost of Krumphau the Slasher, an amateur DsMo (D:4)
  6 yaks
  2 wyverns
  A steam dragon (D:6)
  4 water moccasins
  A black bear (D:6)
  An ice beast (D:4)
  12 orc warriors (Bailey)
  A sky beast (D:6)
  A centaur (D:7)
  2 bullfrogs
  A kobold brigand (D:7)
  3 scorpions
  10 killer bees
  4 electric eels (Bailey)
  A howler monkey (D:6)
  4 jellies
  2 hounds
  4 orc priests
  3 sleepcaps
  A gnoll bouda (D:7)
  5 orc wizards
  10 gnolls
  9 adders
  A shadow imp (D:7)
  2 ufetubi (D:6)
  2 dart slugs
  2 ribbon worms
  25 orcs
  4 ball pythons
  5 endoplasms
  3 giant cockroaches
  17 goblins
  15 hobgoblins
  2 jackals (D:4)
  2 quokkas
  6 bats
  4 frilled lizards
  10 kobolds
  4 rats
197 creatures vanquished.

Notes
Turn   | Place    | Note
-------+----------+-------------------------------------------
     0 | D:1      | Gadfly the Demonspawn Monk began the quest for the Orb.
     0 | D:1      | Reached XP level 1. HP: 18/18 MP: 1/1
   136 | D:1      | Discovered your monstrous ancestry.
   136 | D:1      | Gained mutation: You have sharp fingernails. [demonic
                  | ancestry]
   136 | D:1      | Reached XP level 2. HP: 24/24 MP: 2/2
   141 | D:1      | Reached skill level 1 in Evocations
   372 | D:1      | Reached skill level 1 in Shapeshifting
   792 | D:2      | Gained mutation: You are partially covered in sharp spines.
                  | [demonic ancestry]
   792 | D:2      | Reached XP level 3. HP: 21/29 MP: 3/3
  1341 | D:2      | Found a faded altar of an unknown god.
  1531 | D:3      | Reached skill level 3 in Unarmed Combat
  1531 | D:3      | Gained mutation: You have a pair of small horns on your
                  | head. [demonic ancestry]
  1531 | D:3      | Reached XP level 4. HP: 21/35 MP: 4/4
  1945 | D:3      | Noticed Grinder
  1946 | D:3      | Paralysed by Grinder for 2 turns
  1963 | D:3      | Killed Grinder
  1964 | D:3      | Gained mutation: You have very sharp fingernails. [demonic
                  | ancestry]
  1964 | D:3      | Reached XP level 5. HP: 15/41 MP: 5/5
  1964 | D:3      | Reached XP level 6. HP: 17/47 MP: 6/6
  2573 | D:4      | Found a runed translucent gate.
  2573 | D:4      | Found a runed translucent gate.
  2577 | D:4      | Found a runed translucent gate.
  2578 | D:4      | Noticed Krumphau's ghost (amateur DsMo)
  2578 | D:4      | Noticed browni3141's ghost (novice MiFi)
  2695 | D:4      | Noticed an ice beast
  2713 | D:4      | Killed an ice beast
  2714 | D:4      | Reached skill level 4 in Unarmed Combat
  2714 | D:4      | Reached XP level 7. HP: 22/52 MP: 7/7
  3378 | D:4      | Reached skill level 5 in Fighting
  3378 | D:4      | Reached skill level 7 in Unarmed Combat
  3378 | D:4      | Reached skill level 5 in Evocations
  3378 | D:4      | Gained mutation: You have a pair of horns on your head.
                  | [demonic ancestry]
  3378 | D:4      | Reached XP level 8. HP: 63/63 MP: 8/8
  3402 | D:5      | Entered Level 5 of the Dungeon
  3525 | D:5      | Identified the +10 hand axe of the Orcish Mines {speed,
                  | *Noise rElec rN+++ Stlth+}
  3593 | D:5      | Identified the +3 leather armour of Roixap {rF++ Will+
                  | Int-2 Dex+3}
  4703 | D:6      | Noticed a hornet
  4707 | D:6      | Noticed a queen bee
  4726 | D:6      | Gained mutation: You have large cloven feet. [demonic
                  | ancestry]
  4726 | D:6      | Reached XP level 9. HP: 69/69 MP: 9/9
  4758 | D:6      | Noticed hawla's ghost (novice FeSh)
  4772 | D:6      | Found a transporter.
  4776 | D:6      | Found a transporter.
  5216 | D:7      | Found a staircase to the Ecumenical Temple.
  5491 | Temple   | Entered the Ecumenical Temple
  5515 | Temple   | Became a worshipper of Ru the Awakened
  5534 | Temple   | Gained mutation: Your magical capacity is low. (-10% MP)
                  | [Ru sacrifice]
  5608 | D:7      | Found Wiyqaqoira's Weapon Boutique.
  5780 | D:4      | Killed browni3141's ghost
  5785 | D:4      | Killed Krumphau's ghost
  6757 | D:8      | Found a flagged portal.
  6768 | Bailey   | Entered a bailey
  6916 | Bailey   | Reached skill level 8 in Unarmed Combat
  7121 | Bailey   | Gained mutation: You are mostly covered in sharp spines.
                  | [demonic ancestry]
  7121 | Bailey   | Reached XP level 10. HP: 72/77 MP: 9/9
  7692 | Bailey   | Found an iron altar of Okawaru.
  7703 | Bailey   | Noticed an orc high priest
  7788 | Bailey   | Killed an orc high priest
  8065 | Bailey   | Acquired 631 gold pieces
  8490 | D:8      | Found a hide-covered altar of Uskayaw.
  8495 | D:8      | Found a shimmering altar of Xom.
  8495 | D:8      | Found an iron altar of Okawaru.
  8506 | D:8      | Found an ancient bone altar of Kikubaaqudgha.
  8509 | D:8      | Found a hazy altar of Hepliaklqana.
  8610 | D:8      | Found Kodockef's Magic Scroll Boutique.
  8613 | D:8      | Bought a scroll of fear for 52 gold pieces
  8613 | D:8      | Bought a scroll of fog for 52 gold pieces
  8995 | D:9      | Found a staircase to the Lair.
  8995 | D:9      | Noticed an elephant
  9013 | D:9      | HP: 2/77 [yak (4)]
  9014 | D:9      | Slain by a yak

Illustrated notes

Levels and vault maps discovered:
D:1:      lightli_arrival_windingriver, layout_rooms
D:2:      layout_rooms, chequers_ecumenical_altar_island, minivault_4
D:3:      layout_loops_ring, kennysheep_minor_cross, uniq_grinder
D:4:      layout_basic, gammafunk_ghost_cemetery
D:5:      layout_rooms, mrwooster_statue_mirror
D:6:      layout_basic, gammafunk_ghost_hive
D:7:      layout_basic, minmay_temple_entry_poolview, serial_shops, shop
D:8:      wander_river, layout_rooms, minmay_overflow_temple_star_hex,
          serial_shops, kennysheep_mini_moat, enter_bailey_4,
          kennysheep_generic_room_16
D:9:      layout_grid_maze, david_lair_generic, serial_shops, shop
Temple:   nicolae_temple_bog_church

Skill      XL: |  1  2  3  4  5  6  7  8  9 10 |
---------------+-------------------------------+-----
Evocations     | 1 2 3 5 6 7 |  7.1
Shapeshifting  | 1 2 3 6 7 |  7.9
Dodging        | 3 6 7 |  7.9
Unarmed Combat | 3 4 7 8 |  8.7
Fighting       | 5 6 |  6.9

Action                     |  1- 3 |  4- 6 |  7- 9 | 10-12 || total
---------------------------+-------+-------+-------+-------++-------
  Melee: Unarmed           |    64 |       |       |       ||    64
         Dagger            |    51 |    93 |    14 |       ||   158
         Headbutt          |       |    28 |    34 |    20 ||    82
         Hand axe          |       |       |   159 |   109 ||   268
         Kick              |       |       |    38 |    48 ||    86
 Invoke: Sacrifice Essence |       |       |     1 |       ||     1
    Use: Scroll            |     7 |     3 |     6 |     2 ||    18
         Potion            |       |       |     3 |       ||     3
   Stab: Sleeping          |       |       |     1 |       ||     1
 Armour: Robe              |    53 |    39 |    11 |       ||   103
         Steam dragon scal |       |       |    14 |    35 ||    49
         Leather armour    |       |       |    31 |    40 ||    71
  Dodge: Dodged            |    70 |    65 |   108 |    72 ||   315
         Repelled          |       |       |     3 |     6 ||     9
